 Dungeon Crawl Stone Soup version 0.21-a0-434-g806c6c2 (webtiles) character file.

18893 KristoblXynda the Blocker (level 12, -3/133 HPs)
             Began as a White Draconian Fighter on Nov 8, 2017.
             Was a Believer of Uskayaw.
             Slain by a ten-headed hydra (10 damage)
             ... on level 1 of the Lair of Beasts.
             The game lasted 00:30:21 (13559 turns).

KristoblXynda the Blocker (DrFi)                   Turns: 13559, Time: 00:30:22

Health: -3/133     AC: 26    Str: 24      XL:     12   Next: 31%
Magic:  16/16      EV:  2    Int: 11      God:    Uskayaw [**....]
Gold:   723        SH: 14    Dex: 15 (17) Spells: 8/11 levels left

rFire    + . .     SeeInvis .   a - +1 long sword
rCold    . . .     Gourm    .   b - +1 shield
rNeg     + + +     Faith    .   (armour unavailable)
rPois    +         Spirit   .   (helmet currently unavailable)
rElec    .         Reflect  .   (cloak currently unavailable)
rCorr    .         Harm     .   (gloves currently unavailable)
MR       .....     Clarity  +   (boots currently unavailable) Stlth +.........NoTele +
                                H - amulet of regeneration
HPRegen  0.72/turn              k - +4 ring of dexterity
MPRegen  0.15/turn              A - ring of protection from fire

@: mighty, tree-form, very slightly contaminated, invisible
A: (breathe frost), unfitting armour, clarity, deterioration 1, AC +8
a: Stomp, Line Pass, Renounce Religion


You were on level 1 of the Lair of Beasts.
You worshipped Uskayaw.
Uskayaw was noncommittal.
You were not hungry.
You were a tree.
You visited 3 branches of the dungeon, and saw 14 of its levels.
You also visited: Sewer.

You collected 723 gold pieces.

Inventory:

Hand Weapons
 a - a +1 long sword (weapon)
 K - a +1 scimitar
Missiles
 n - 7 javelins (quivered)
 G - a throwing net
Armour
 b - a +1 shield (worn)
 u - a +2 hat (melded)
 v - a +2 pair of gloves (melded)
 J - the +1 cloak of Starlight (melded) {rElec rC+ EV+4 Stlth--}
   (You found it on level 8 of the Dungeon)

   It affects your evasion (+4).
   It protects you from cold.
   It insulates you from electricity.
   It makes you much less stealthy.
Jewellery
 k - a +4 ring of dexterity (left branch)
 w - an uncursed ring of protection from cold
 A - a ring of protection from fire (right branch)
 C - an uncursed ring of protection from magic
 H - an amulet of regeneration (around neck)
Wands
 D - a wand of acid (0/15)
 I - a wand of lightning (0/15)
 L - a wand of confusion (22/48)
Scrolls
 g - a scroll of magic mapping
 m - 7 scrolls of remove curse
 o - a scroll of enchant weapon
 N - a scroll of blinking
Potions
 c - a potion of might
 e - a potion of haste
 q - a potion of magic
 r - a potion of agility
 t - 2 potions of brilliance
 z - a potion of flight
 F - 2 potions of curing
 P - a potion of ambrosia
Comestibles
 d - 11 bread rations
 f - 6 meat rations
 l - 23 fruits


   Skills:
 - Level 3.2 Fighting
 - Level 10.0 Long Blades
 + Level 8.0 Dodging
 + Level 12.0 Shields
 + Level 5.7 Charms
 - Level 7.0 Necromancy
 - Level 6.0 Invocations


You had 8 spell levels left.
You knew the following spells:

 Your Spells              Type           Power        Failure   Level  Hunger
a - Regeneration          Chrm/Necr      ##........   11%         3    ####...


Dungeon Overview and Level Annotations

Branches:
Dungeon (12/15)            Temple (1/1) D:5            Lair (1/6) D:11
    Orc (0/2) D:9

Altars:
Ashenzari
Cheibriados
Dithmenos
Elyvilon
Fedhas
Gozag
Hepliaklqana
Kikubaaqudgha
Makhleb
Nemelex Xobeh
Okawaru
Qazlal
Ru
Sif Muna
Trog
Uskayaw
Vehumet
Wu Jian
Xom
Yredelemnul
Zin
The Shining One

Shops:
D:4 [   D:5 *


Innate Abilities, Weirdness & Mutations

((You can breathe waves of freezing cold.))
((You can buffet flying creatures when you breathe cold.))
((Your icy white scales are hard. (AC +8)))
You cannot fit into any form of body armour.
((Your flesh is cold resistant. (rC+)))
((You are cold-blooded and may be slowed by cold attacks.))
You possess an exceptional clarity of mind.
Your body sometimes deteriorates upon taking damage.


Message History

The ten-headed hydra barely misses you.
The ten-headed hydra bites you but does no damage. x3
The ten-headed hydra bites you!
* * * LOW HITPOINT WARNING * * *
The ten-headed hydra bites you but does no damage. x2
The ten-headed hydra bites you.
* * * LOW HITPOINT WARNING * * *
The ten-headed hydra bites you but does no damage.
You feel less invigorated.
You feel less confused. The ten-headed hydra barely misses you.
You riposte.
You hit the ten-headed hydra.
The ten-headed hydra is moderately wounded.
The ten-headed hydra bites you but does no damage.
You block the ten-headed hydra's attack.
The ten-headed hydra bites you but does no damage.
You block the ten-headed hydra's attack.
The ten-headed hydra bites you but does no damage.
The ten-headed hydra bites you!
You die...

.....#.............##
.##†................#
....................#
.##..#.............##
#..#..............### #
#..P.............##.###.#.
#..P...)......F...........
............###D##.........
............###P♣##.........
...........## ##...:<.......
...........# #.............
..... ##............ ..
.....#.........
......#.........
.......#.........
.##..............
#....#.........


You could see a ten-headed hydra and a spiny frog.

Vanquished Creatures
  The ghost of tilp the Arsonist, a journeyman DEFE of Vehumet (D:10)
  A hydra (Lair:1)
  4 two-headed ogres
  A cyclops (D:11)
  A large abomination (D:10)
  A manticore (D:6)
  An ugly thing (D:11)
  A faun (Lair:1)
  2 centaur zombies (D:11)
  2 trolls
  Grinder (D:6)
  A hornet (D:10)
  A hippogriff (Lair:1)
  A shadow (D:11)
  A wyvern (D:8)
  Eustachio (D:6)
  7 yaks
  Grum (D:10)
  A steam dragon (D:11)
  Duvessa (D:4)
  2 small abominations (D:10)
  2 hell hounds (D:11)
  5 water moccasins
  A porcupine (Lair:1)
  4 sky beasts
  3 orc warriors
  4 phantoms
  3 ice beasts
  5 ogres
  28 wolves
  A centaur (D:6)
  A crocodile (D:11)
  8 big kobolds
  10 bullfrogs
  Blork the orc (D:6)
  A wyvern zombie (D:10)
  3 gnoll sergeants (D:9)
  Dowan (D:4)
  A wyvern skeleton (D:11)
  A scorpion (D:8)
  8 killer bees
  6 howler monkeys
  5 hounds
  5 crimson imps
  A bullfrog zombie (D:10)
  7 orc priests
  7 jellies
  Crazy Yiuf (D:6)
  A bullfrog skeleton (D:5)
  3 centaur skeletons
  A gnoll shaman (D:5)
  4 iguanas
  13 worker ants
  12 orc wizards
  A hound zombie (D:5)
  2 hound skeletons
  12 gnolls
  22 adders
  2 shadow imps
  2 adder skeletons
  2 adder zombies
  2 worms
  A dart slug (D:1)
  11 leopard geckos
  41 orcs
  9 bats
  10 giant cockroaches
  6 goblins
  9 hobgoblins
  16 jackals
  5 quokkas
  4 ball pythons
  11 frilled lizards
  12 kobolds
  A leopard gecko zombie (D:6)
  A quokka skeleton (D:8)
  14 rats
  A fungus (D:6)
387 creatures vanquished.

Vanquished Creatures (others)
  An orc wizard (D:5)
  2 orcs
3 creatures vanquished.

Grand Total: 390 creatures vanquished

Notes
Turn   | Place    | Note
-------+----------+-------------------------------------------
     0 | D:1      | KristoblXynda the Draconian Fighter began the quest for the Orb.
     0 | D:1      | Reached XP level 1. HP: 19/19 MP: 1/1
   318 | D:1      | Reached XP level 2. HP: 24/26 MP: 2/2
   463 | D:1      | Reached XP level 3. HP: 31/31 MP: 3/3
   791 | D:1      | Found a sparkling altar of Nemelex Xobeh.
  1232 | D:2      | Reached XP level 4. HP: 38/38 MP: 4/4
  1921 | D:3      | Found an ancient bone altar of Kikubaaqudgha.
  2115 | D:3      | Noticed a bullfrog
  2128 | D:3      | Killed a bullfrog
  2128 | D:3      | Reached skill level 4 in Shields
  2128 | D:3      | Reached XP level 5. HP: 36/45 MP: 5/5
  2418 | D:3      | Reached skill level 5 in Long Blades
  2574 | D:3      | Found a hide-covered altar of Uskayaw.
  2593 | D:3      | Became a worshipper of Uskayaw the Reveler
  2631 | D:4      | Found an ornate altar of the Wu Jian Council.
  2634 | D:4      | Noticed a sky beast
  2643 | D:4      | Reached * piety under Uskayaw
  2652 | D:4      | Reached ** piety under Uskayaw
  2654 | D:4      | Killed a sky beast
  2654 | D:4      | Reached XP level 6. HP: 38/51 MP: 6/6
  2707 | D:4      | Found Daecek's Antique Armour Shoppe.
  2798 | D:4      | Found a glowing drain.
  2802 | Sewer    | Entered a sewer
  2993 | Sewer    | Reached skill level 5 in Shields
  2995 | Sewer    | Reached *** piety under Uskayaw
  2996 | Sewer    | Your scales start taking on an icy white colour.
  2996 | Sewer    | Reached XP level 7. HP: 45/57 MP: 7/7
  2996 | Sewer    | Gained mutation: Your flesh is cold resistant. (rC+) [White Draconian growth]
  3035 | Sewer    | Identified the Reference Book on Curses
  3211 | D:4      | Found a sparkling altar of Nemelex Xobeh.
  3237 | D:4      | Reached skill level 1 in Invocations
  3309 | D:4      | Noticed Duvessa
  3313 | D:4      | Noticed Dowan
  3329 | D:4      | Killed Duvessa
  3333 | D:4      | Killed Dowan
  3333 | D:4      | Reached **** piety under Uskayaw
  3942 | D:5      | Entered Level 5 of the Dungeon
  3942 | D:5      | Found a burning altar of Makhleb.
  3942 | D:5      | Found a shattered altar of Ashenzari.
  3953 | D:5      | Reached skill level 6 in Shields
  3983 | D:5      | Reached XP level 8. HP: 49/63 MP: 10/10
  4094 | D:5      | Learned a level 3 spell: Regeneration
  4129 | D:5      | Found Paorutre's General Store.
  4690 | D:5      | Found a shimmering altar of Xom.
  4756 | D:5      | Found a stormy altar of Qazlal.
  4991 | D:5      | Found a staircase to the Ecumenical Temple.
  5003 | Temple   | Entered the Ecumenical Temple
  5084 | D:6      | Noticed Blork the orc
  5116 | D:6      | Killed Blork the orc
  5424 | D:6      | Noticed a manticore
  5437 | D:6      | Killed a manticore
  5437 | D:6      | Reached skill level 7 in Shields
  5437 | D:6      | Reached skill level 5 in Invocations
  5596 | D:6      | Found a basalt altar of Yredelemnul.
  5596 | D:6      | Found a glowing silver altar of Zin.
  5603 | D:6      | Reached XP level 9. HP: 64/70 MP: 13/13
  5606 | D:6      | Noticed Eustachio
  5663 | D:6      | Killed Eustachio
  6119 | D:6      | Reached skill level 1 in Necromancy
  6182 | D:6      | Reached skill level 8 in Shields
  6367 | D:6      | Noticed Grinder
  6376 | D:6      | Paralysed by Grinder for 6 turns
  6383 | D:6      | Paralysed by Grinder for 5 turns
  6390 | D:6      | Killed Grinder
  6441 | D:6      | Found a runed door.
  6445 | D:6      | Noticed Crazy Yiuf
  6453 | D:6      | Killed Crazy Yiuf
  6908 | D:7      | Reached ***** piety under Uskayaw
  7027 | D:7      | Reached ****** piety under Uskayaw
  7049 | D:7      | Reached XP level 10. HP: 16/77 MP: 14/14
  7643 | D:8      | Reached skill level 9 in Shields
  8286 | D:8      | Reached skill level 10 in Long Blades
  8556 | D:8      | Reached skill level 5 in Necromancy
  8925 | D:8      | Found the +1 cloak of Starlight {rElec rC+ EV+4 Stlth--}
  9338 | D:9      | Found a staircase to the Orcish Mines.
  9651 | D:9      | Noticed a two-headed ogre
  9661 | D:9      | Killed a two-headed ogre
  9661 | D:9      | Reached skill level 10 in Shields
 10315 | D:9      | Noticed a two-headed ogre
 10330 | D:9      | Killed a two-headed ogre
 10469 | D:9      | Reached XP level 11. HP: 82/82 MP: 15/15
 10684 | D:10     | Entered Level 10 of the Dungeon
 10753 | D:10     | Paralysed by a hornet for 2 turns
 11087 | D:10     | Reached skill level 5 in Dodging
 11310 | D:10     | Noticed Grum
 11323 | D:10     | Killed Grum
 11323 | D:10     | Reached skill level 1 in Charms
 11604 | D:10     | Noticed tilp's ghost (journeyman DEFE)
 11649 | D:10     | Killed tilp's ghost
 11767 | D:10     | Noticed a large abomination
 11990 | D:11     | Noticed a two-headed ogre
 12004 | D:11     | Killed a two-headed ogre
 12069 | D:11     | Reached skill level 11 in Shields
 12103 | D:11     | Noticed a two-headed ogre
 12124 | D:11     | Killed a two-headed ogre
 12265 | D:11     | Noticed a white ugly thing
 12291 | D:11     | Killed a white ugly thing
 12308 | D:11     | Gained mutation: Your body sometimes deteriorates upon taking damage. [mutagenic meat]
 12309 | D:11     | Gained mutation: You possess an exceptional clarity of mind. [mutagenic meat]
 12500 | D:11     | Found a staircase to the Lair.
 12836 | D:12     | Reached XP level 12. HP: 89/89 MP: 16/16
 13155 | Lair:1   | Entered Level 1 of the Lair of Beasts
 13266 | Lair:1   | Reached skill level 5 in Charms
 13280 | Lair:1   | Noticed a four-headed hydra
 13292 | Lair:1   | Killed a five-headed hydra
 13347 | Lair:1   | Reached skill level 12 in Shields
 13516 | Lair:1   | Noticed an eight-headed hydra
 13558 | Lair:1   | HP: 5/133 [ten-headed hydra (9)]
 13559 | Lair:1   | Slain by a ten-headed hydra

Vault maps used:
D:1:      dpeg_arrival_rooms_b, nemelex_altar_shiori
D:3:      lemuel_round_altar, overflow_temple_1_default, first_bread
D:4:      nicolae_overflow_crystal_walls, old_standard_altar, serial_shops,
          shop, gup_sewer_entry_spiral, minivault_26, roderic_nine_men_s_morris,
          grunt_ministairs_11, uniq_sigmund, uniq_duvessa
D:5:      grunt_qazlal_clouds, grunt_temple_overflow_open, xom_confusion_cloud,
          minmay_temple_entry_poolview, serial_shops, shop,
          hangedman_abyss_or_decor_stagger
D:6:      chequers_temple_overflow_statue_of_worship, hangedman_minor_gate_pass,
          uniq_grinder, uniq_eustachio, uniq_crazy_yiuf_cottage,
          uniq_blork_the_orc
D:7:      grunt_ogre_cave
D:8:      minmay_misc_feat_five, columned_hall_lemuel
D:9:      kennysheep_orc_monster_closet_entryway
D:10:     laboratory, uniq_grum
D:11:     minmay_lair_entry_lava
D:12:     uniq_azrael, uniq_sonja
Temple:   nicolae_temple_x_marks_the_god
Lair:1:   grunt_forest_large_clearings
Sewer:    sewer_frog_island_01

Skill      XL: |  1  2  3  4  5  6  7  8  9 10 11 12 |
---------------+-------------------------------------+-----
Long Blades    | 3 4 5 6 7 8 9 10 | 10.0
Shields        | 4 5 6 7 8 10 11 12 | 12.0
Invocations    | 3 5 6 |  6.0
Necromancy     | 4 6 7 |  7.0
Dodging        | 4 7 8 |  8.0
Charms         | 4 5 |  5.7
Fighting       | |  3.2

Action                   |  1- 3 |  4- 6 |  7- 9 | 10-12 || total
-------------------------+-------+-------+-------+-------++-------
Melee: Long sword        |   121 |   174 |   526 |   918 ||  1739
       Tailslap          |     9 |    19 |    85 |   183 ||   296
Throw: Javelin           |       |       |     1 |       ||     1
 Abil: Breathe Frost     |       |       |     7 |    15 ||    22
Evoke: Wand              |       |       |       |    14 ||    14
  Use: Scroll            |       |    10 |     8 |    13 ||    31
       Potion            |       |       |     4 |     7 ||    11
 Stab: Sleeping          |     2 |       |     2 |     1 ||     5
       Paralysed         |       |     1 |    18 |    49 ||    68
  Eat: Chunk             |     1 |     5 |    13 |    10 ||    29
       Fruit             |       |     1 |     1 |       ||     2
       Royal jelly       |       |       |     1 |     2 ||     3
       Meat ration       |       |       |       |     3 ||     3
Armor: Skin              |    47 |    62 |   126 |   179 ||   414
Dodge: Dodged            |    65 |    70 |   168 |   480 ||   783
Block: Shield            |    80 |    94 |   285 |   607 ||  1066
       Rpst.: Long sword |    22 |    22 |    51 |   122 ||   217

Table legend:
 A = Spawn XP
 B = Non-spawn XP
 C = Spawn XP percentage of total XP
 D = Spawn monster count
 E = Non-spawn monster count
 F = Spawn count percentage of total count
 G = Total turns spent on level
                    A         B        C        D         E        F      G
               +---------+---------+-------+---------+---------+-------+---------
         Total |       0 |   26990 |   0.0 |       0 |     386 |   0.0 | 13559
               +---------+---------+-------+---------+---------+-------+---------
           D:1 |       0 |      60 |   0.0 |       0 |      36 |   0.0 |   937
           D:2 |       0 |      57 |   0.0 |       0 |      13 |   0.0 |   779
           D:3 |       0 |     236 |   0.0 |       0 |      15 |   0.0 |   898
           D:4 |       0 |     797 |   0.0 |       0 |      25 |   0.0 |  1085
           D:5 |       0 |     672 |   0.0 |       0 |      33 |   0.0 |  1083
           D:6 |       0 |    2419 |   0.0 |       0 |      43 |   0.0 |  1679
           D:7 |       0 |    1314 |   0.0 |       0 |      25 |   0.0 |   865
           D:8 |       0 |    1353 |   0.0 |       0 |      33 |   0.0 |  1588
           D:9 |       0 |    3864 |   0.0 |       0 |      41 |   0.0 |  1468
          D:10 |       0 |    3992 |   0.0 |       0 |      32 |   0.0 |  1286
          D:11 |       0 |    6718 |   0.0 |       0 |      39 |   0.0 |  1133
          D:12 |       0 |     424 |   0.0 |       0 |       1 |   0.0 |    52
        Lair:1 |       0 |    4884 |   0.0 |       0 |      31 |   0.0 |   404
         Sewer |       0 |     200 |   0.0 |       0 |      19 |   0.0 |   243
               +---------+---------+-------+---------+---------+-------+---------
